Map: Radhuset Station LE

Players

SubN - Winner!

  • Race: Zerg Zerg
  • League: Diamond
  • Spawn Location: 1:00

EvilArcade

  • Race: Terran Terran
  • League: Diamond
  • Spawn Location: 7:00

VOD

Have the link to the VOD?

Description

Time

  • Played on: Jan. 4, 2024, 7:04 p.m.
  • Length: 20:58
Show
View Real Time Build Order
Export as new Build Order

SubN Zerg - Winner!

Build Orders: Hatch First 

Get SALT Encoding   

  12  0:00  Drone  
  13  0:12  Overlord  
  13  0:18  Drone  
  14  0:30  Drone  
  14  0:31  Drone  
  16  0:54  Drone  
  16  0:57  Hatchery  
  16  0:58  Drone  
  16  1:01  Drone  
  18  1:09  Extractor  
  17  1:20  Spawning Pool  
  17  1:24  Drone  
  17  1:27  Drone  
  18  1:35  Drone  
  18  1:39  Drone  
  20  1:49  Overlord  
  20  2:06  Queen  
  20  2:08  Queen  
  22  2:10  Zergling x4  
  22  2:15  Drone  
  27  2:18  Metabolic Boost  
  27  2:30  Zergling x2  
  28  2:46  Hatchery  
  28  2:49  Overlord  
  27  2:54  Queen  
  29  3:02  Drone x3  
  29  3:05  Drone  
  33  3:06  Drone  
  33  3:10  Drone  
  35  3:13  Drone x2  
  37  3:20  Drone x2  
  37  3:22  Drone  
  40  3:27  Spore Crawler  
  40  3:30  Drone  
  40  3:31  Spore Crawler  
  39  3:37  Queen  
  39  3:41  Drone x2  
  43  3:45  Overlord  
  43  3:49  Overlord  
  43  3:54  Drone  
  44  3:59  Drone x2  
  44  4:01  Queen  
  48  4:09  Drone x5  
  53  4:12  Drone  
  54  4:29  Spore Crawler  
  53  4:36  Queen  
  53  4:37  Queen  
  57  4:44  Drone x9  
  66  4:48  Drone x2, Extractor x2  
  66  4:54  Overlord  
  63  5:07  Overlord x3  
  63  5:08  Overlord  
  63  5:25  Roach Warren  
  63  5:27  Evolution Chamber  
  62  5:28  Drone x2  
  62  5:29  Queen  
  62  5:32  Evolution Chamber  
  62  5:34  Lair  
  62  5:35  Drone x4  
  68  5:39  Drone x8, Extractor  
  68  5:42  Extractor  
  74  5:44  Extractor  
  73  5:52  Zerg Missile Weapons Level 1  
  73  5:56  Drone x4  
  77  5:57  Drone  
  77  6:01  Drone  
  79  6:05  Zerg Ground Armor Level 1  
  79  6:06  Overlord x2  
  79  6:09  Drone x2  
  79  6:10  Drone x3  
  84  6:14  Baneling Nest  
  84  6:16  Roach x5  
  93  6:30  Roach  
  93  6:31  Roach x2  
  99  6:43  Roach  
  99  6:44  Roach x6  
  99  6:46  Spore Crawler  
  110  6:58  Ravager  
  110  6:59  Ravager x3  
  110  7:01  Overlord x5  
  108  7:21  Queen  
  108  7:23  Queen  
  108  7:25  Centrifugal Hooks  
  108  7:26  Overlord x2  
  108  7:27  Overlord  
  108  7:29  Ravager  
  111  7:30  Ravager x8  
  111  7:36  Glial Reconstitution  
  119  7:40  Drone  
  120  7:44  Overseer  
  120  7:47  Queen  
  120  7:51  Roach x4  
  124  7:53  Overlord x2  
  124  7:54  Overlord x2  
  124  7:55  Zergling x2  
  124  7:56  Zergling x2  
  124  7:57  Queen  
  134  7:59  Queen  
  136  8:06  Zerg Missile Weapons Level 2  
  136  8:11  Hatchery  
  135  8:14  Zergling x2  
  135  8:15  Zergling x14  
  135  8:18  Baneling  
  135  8:19  Baneling x2  
  143  8:23  Baneling, Queen  
  143  8:25  Overseer  
  143  8:26  Roach  
  143  8:27  Roach x4  
  155  8:32  Queen  
  157  8:34  Baneling x2  
  157  8:35  Baneling x4, Queen  
  159  8:48  Zerg Ground Armor Level 2  
  159  8:58  Zergling x2, Pneumatized Carapace  
  159  8:59  Zergling x26  
  173  9:08  Queen  
  130  9:45  Zergling x28  
  117  10:04  Roach  
  117  10:05  Roach x5  
  123  10:18  Spore Crawler, Queen, Spire  
  123  10:20  Drone x7  
  127  10:23  Extractor  
  127  10:24  Extractor  
  116  10:31  Zerg Melee Weapons Level 1  
  116  10:35  Infestation Pit  
  109  10:37  Overseer x3  
  106  10:45  Overseer  
  106  10:53  Drone x3  
  106  10:54  Roach x10  
  106  10:55  Roach  
  129  11:02  Spore Crawler  
  129  11:03  Spore Crawler  
  126  11:06  Drone x2  
  126  11:07  Queen  
  126  11:09  Drone x2  
  130  11:13  Spore Crawler  
  130  11:17  Drone x4, Spore Crawler  
  126  11:26  Spore Crawler  
  126  11:28  Drone x2  
  126  11:29  Drone x7  
  133  11:36  Overseer  
  133  11:37  Overseer  
  133  11:41  Hive  
  133  11:51  Corruptor  
  133  11:52  Corruptor x9  
  153  12:02  Hatchery, Zerg Flyer Weapons Level 1  
  152  12:10  Extractor, Roach  
  152  12:11  Extractor, Roach x4  
  152  12:13  Ravager x9  
  152  12:14  Ravager x8  
  177  12:20  Roach  
  177  12:21  Roach x8  
  195  12:31  Spore Crawler  
  195  12:34  Queen  
  195  12:36  Spore Crawler  
  195  12:41  Corruptor  
  195  12:42  Corruptor  
  199  12:47  Spore Crawler  
  198  13:16  Hatchery  
  160  13:50  Overseer x5  
  160  13:53  Overseer x2  
  160  13:54  Overseer  
  143  13:59  Zergling x2  
  143  14:00  Zergling x38  
  157  14:16  Corruptor  
  155  14:17  Corruptor x6  
  149  14:37  Roach x4  
  157  14:39  Overlord x2  
  157  14:40  Overlord x4  
  157  14:57  Overlord x4, Queen  
  157  14:58  Overlord  
  159  15:02  Drone x6  
  159  15:03  Drone  
  166  15:07  Baneling  
  166  15:08  Baneling x6  
  166  15:09  Baneling x6  
  166  15:10  Zergling x2, Baneling  
  166  15:11  Zergling x4  
  166  15:12  Spore Crawler  
  166  15:13  Spore Crawler  
  162  15:27  Roach  
  162  15:28  Roach x10  
  161  16:12  Zergling x10  
  161  16:13  Zergling x14  
  161  16:14  Adrenal Glands  
  161  16:15  Zerg Melee Weapons Level 2, Zerg Missile Weapons Level 3  
  161  16:18  Zerg Flyer Weapons Level 2  
  173  16:25  Corruptor x4  
  180  17:13  Ravager  
  180  17:14  Ravager x11  
  192  17:16  Zergling x2  
  192  17:17  Zergling x14  
  192  17:19  Baneling  
  192  17:20  Baneling x14  
  192  17:21  Baneling  
  200  17:50  Hatchery  
  132  19:01  Roach x4  
  132  19:02  Roach x30  
  199  19:03  Roach x4  
  196  19:10  Overseer  
  196  19:15  Queen  
  196  19:17  Overlord x3  
  198  19:34  Zergling x4  
  196  19:52  Extractor x2  
  170  20:13  Ravager  
  170  20:14  Ravager x19  
  174  20:15  Zergling x2  
  174  20:16  Zergling x18  
  200  20:37  Overseer x5  
  200  20:47  Hatchery  
  200  20:48  Extractor  
  200  20:49  Extractor  
Show
View Real Time Build Order
Export as new Build Order

EvilArcade Terran 

Build Orders: Hellion Banshee 

Get SALT Encoding   

  12  0:00  SCV  
  13  0:12  SCV  
  14  0:18  Supply Depot  
  14  0:24  SCV  
  15  0:40  SCV  
  15  0:42  Barracks  
  16  0:46  Refinery  
  16  0:52  SCV  
  17  1:04  SCV  
  17  1:10  Refinery  
  18  1:16  SCV  
  19  1:28  Orbital Command  
  19  1:30  Supply Depot, Reaper  
  20  1:55  Factory  
  20  1:57  SCV  
  21  2:09  SCV  
  21  2:14  Marine  
  23  2:21  SCV  
  24  2:33  SCV  
  25  2:38  Barracks Reactor  
  25  2:42  Starport  
  25  2:43  Factory Tech Lab  
  25  2:45  SCV  
  26  2:55  Supply Depot  
  26  2:57  SCV  
  27  3:02  Hellion  
  29  3:08  Supply Depot  
  29  3:10  SCV  
  30  3:21  Command Center  
  30  3:33  Banshee  
  37  3:34  Hellion x2  
  37  3:37  Barracks Reactor  
  37  3:41  SCV  
  42  3:55  Hellion x2, Supply Depot  
  42  4:00  SCV  
  43  4:15  Banshee  
  46  4:17  Hellion x2  
  46  4:22  Supply Depot  
  50  4:28  Bunker  
  50  4:31  SCV  
  50  4:36  Orbital Command  
  50  4:37  Marine x2  
  53  4:43  SCV  
  54  5:05  Hyperflight Rotors  
  54  5:10  Orbital Command  
  54  5:13  Hellion x2  
  58  5:19  Factory  
  58  5:21  Starport  
  58  5:30  Liberator  
  58  5:31  SCV  
  62  5:36  Marine  
  62  5:37  Marine  
  62  5:40  SCV  
  65  5:43  SCV  
  66  5:52  SCV  
  66  5:55  SCV  
  68  5:58  Refinery  
  68  6:00  Refinery  
  68  6:01  Starport Reactor  
  68  6:04  SCV  
  68  6:05  Factory Tech Lab  
  68  6:07  SCV  
  68  6:10  Hellion  
  72  6:11  Hellion  
  72  6:16  SCV  
  75  6:19  SCV  
  76  6:28  SCV  
  76  6:31  SCV  
  78  6:59  SCV x2  
  75  7:11  SCV  
  69  7:20  Banshee, Liberator x2  
  72  7:25  Starport, SCV x2  
  74  7:31  Starport x2  
  74  7:39  SCV x2  
  74  7:42  Command Center  
  76  7:50  Command Center  
  76  7:51  Cyclone  
  78  7:56  Supply Depot  
  78  7:57  Supply Depot x2  
  78  8:07  Command Center  
  78  8:18  Cyclone x2, SCV  
  83  8:32  Banshee, Liberator x2  
  92  8:34  Armory  
  92  8:35  Starport Tech Lab x3, Armory  
  92  8:42  Engineering Bay  
  92  8:48  Engineering Bay  
  92  8:55  Refinery, Widow Mine x2  
  96  9:05  Refinery  
  96  9:16  Banshee x4  
  107  9:22  Refinery  
  71  9:42  Hellion x2  
  69  9:50  Planetary Fortress  
  51  9:59  Banshee x2  
  56  10:04  Hellion x2  
  60  10:11  Planetary Fortress  
  60  10:14  SCV x2  
  62  10:25  Terran Vehicle Weapons Level 1  
  62  10:26  SCV x2  
  64  10:29  Infernal Pre-Igniter  
  64  10:38  SCV x2  
  64  10:39  Cloaking Field  
  66  10:50  SCV x2  
  63  11:28  SCV x4  
  61  11:37  Liberator x3  
  72  11:40  SCV x2, Widow Mine x3  
  72  11:44  SCV  
  79  11:52  SCV x3  
  84  12:01  Widow Mine  
  84  12:05  SCV x3  
  84  12:06  SCV  
  88  12:17  SCV x2  
  88  12:18  SCV x2  
  88  12:19  Liberator  
  95  12:33  SCV x3  
  95  12:35  Refinery  
  95  12:36  Liberator x3  
  107  12:44  SCV  
  107  12:45  SCV x3  
  111  12:56  SCV  
  112  13:02  SCV x2  
  112  13:05  Refinery, Missile Turret  
  114  13:10  Missile Turret  
  114  13:11  Missile Turret  
  112  13:15  Missile Turret  
  112  13:19  Fusion Core  
  96  13:36  Widow Mine x3  
  87  13:42  Viking x3  
  87  13:43  Viking x3  
  95  13:57  SCV x2, Widow Mine x2  
  71  14:30  Widow Mine x3  
  72  14:37  Supply Depot  
  72  14:46  SCV x3  
  72  14:51  Widow Mine  
  77  14:53  Factory  
  77  14:54  Factory  
  77  14:58  SCV x2  
  73  15:07  Viking x2  
  73  15:08  Viking x4  
  73  15:09  Factory  
  73  15:28  Supply Depot, Widow Mine  
  73  15:29  SCV x2  
  73  15:30  Widow Mine  
  66  15:44  SCV x3  
  66  15:47  Factory Reactor x2  
  49  15:50  Armory  
  49  15:56  SCV x3  
  44  16:02  Refinery  
  43  16:08  SCV x2  
  40  16:15  SCV  
  41  16:20  Barracks  
  40  16:27  SCV  
  40  16:29  SCV  
  40  16:30  Widow Mine  
  40  16:31  Widow Mine x3  
  50  16:36  Supply Depot  
  50  16:38  Supply Depot  
  50  16:40  Supply Depot  
  50  16:41  Command Center  
  50  16:52  Supply Depot  
  50  16:53  Supply Depot  
  50  17:02  SCV, Widow Mine  
  53  17:14  Widow Mine x3  
  59  17:16  SCV  
  59  17:17  SCV  
  61  17:23  Factory  
  61  17:24  Widow Mine  
  61  17:29  SCV x2  
  65  17:35  Factory, Widow Mine x2  
  69  17:38  Supply Depot  
  69  17:39  Supply Depot  
  69  17:42  Supply Depot  
  69  17:53  Widow Mine  
  49  18:07  Factory Tech Lab  
  49  18:08  Widow Mine x3  
  49  18:14  Widow Mine  
  51  18:21  Factory Reactor  
  51  18:29  Widow Mine  
  51  18:30  Widow Mine  
  55  18:37  Widow Mine  
  53  18:51  Widow Mine x2  
  50  18:56  SCV  
  50  18:58  Widow Mine  
  53  19:05  Widow Mine x2  
  53  19:08  SCV  
  58  19:12  Widow Mine x2  
  62  19:20  SCV, Widow Mine  
  65  19:27  Widow Mine x2  
  69  19:44  Widow Mine x2  
  69  19:45  Widow Mine  
  59  19:56  Widow Mine  
  59  19:57  Widow Mine  
  53  20:05  Widow Mine  
  53  20:25  Supply Depot  
  53  20:33  Supply Depot  
  53  20:40  SCV  
Tags
 
Add a new tag
Caveats
  • Supply blocks, unpowered buildings, or Contaminate may cause inaccurate times.
  • Supply counts are checked every 10 seconds.